 Dungeon Crawl Stone Soup version 0.31.0-11-ge490571c62 (webtiles) character file.

Game seed: 5795402580788384767

245986 tilp the Warrior (level 18, 0/173 HPs)
             Began as a Pale Draconian Gladiator on Jan 27, 2024.
             Was a Priest of Nemelex Xobeh.
             Killed from afar by an arcanist (27 damage)
             ... with a bolt of cold
             ... on level 1 of the Vaults on Jan 28, 2024.
             The game lasted 01:34:44 (38847 turns).

tilp the Warrior (Pale Draconian Gladiator)        Turns: 38847, Time: 01:34:45

Health: 0/173      AC: 23    Str: 24    XL:     18   Next: 78%
Magic:  29/29      EV: 21    Int:  9    God:    Nemelex Xobeh [***...]
Gold:   488        SH:  0    Dex: 16    Spells: 23/25 levels left

rFire   + . .        a - +0 glaive (vamp)
rCold   . . .        (shield currently unavailable)
rNeg    . . .        (body armour unavailable)
rPois   +            B - +1 hat
rElec   .            u - +2 cloak {rPois}
rCorr   .            O - +1 pair of gloves {Dex+3}
SInv    .            n - +2 pair of boots
Will    +....        m - amulet of regeneration
Stlth   +++          s - +4 ring of protection
HPRegen 1.28/turn    w - ring of protection from fire
MPRegen 0.21/turn

%: no passive effects
@: studying Dodging
A: breathe steam, AC +10, unfitting armour, cold-blooded, steam resistance
}: 2/15 runes: decaying, serpentine
a: Breathe Steam, Renounce Religion, Draw Escape, Draw Destruction, Draw
Summoning, Triple Draw


You were on level 1 of the Vaults.
You worshipped Nemelex Xobeh.
Nemelex Xobeh was most pleased with you.
You visited 7 branches of the dungeon, and saw 32 of its levels.
You visited 1 bazaar.
You also visited: Sewer and Ice Cave.

You collected 3722 gold pieces.
You spent 3234 gold pieces at shops.

Inventory:

Hand Weapons
 a - a +0 vampiric glaive (weapon)
 b - a +2 halberd of draining
Missiles
 D - 6 throwing nets {!f}
 E - 14 boomerangs (quivered)
 L - 3 javelins
 N - 5 curare-tipped darts {!f}
Armour
 n - a +2 pair of boots (worn)
 u - a +2 cloak of poison resistance (worn)
 B - a +1 hat (worn)
 O - a +1 pair of gloves of dexterity (worn)
Jewellery
 m - an amulet of regeneration (around neck)
 s - a +4 ring of protection (left hand)
 w - a ring of protection from fire (right hand)
 T - the ring "Mithrai" {rElec rPois rN+++ Will- MP+9}
   (You found it on level 9 of the Dungeon)

   [ring of poison resistance]

   rElec:     It insulates you from electricity.
   rPois:     It protects you from poison rN+++: It renders you almost immune to
   negative energy.
   Will-:     It decreases your willpower.
   MP+9:      It affects your magic capacity (+9).
 U - a ring of willpower
Wands
 c - a wand of roots (23)
 y - a wand of mindburst (23)
 z - a wand of digging (15)
 K - a wand of flame (22)
 M - a wand of polymorph (7)
 W - a wand of light (12)
 Z - a wand of charming (48)
Scrolls
 h - 2 scrolls of poison
 q - 4 scrolls of revelation
 t - 8 scrolls of blinking
 v - 10 scrolls of teleportation
 C - 6 scrolls of fog
 G - 4 scrolls of torment
 H - 3 scrolls of fear
 J - a scroll of summoning
 Q - 3 scrolls of enchant weapon
 S - 11 scrolls of identify
Potions
 e - 10 potions of curing
 f - 6 potions of attraction
 g - a potion of invisibility
 i - 6 potions of brilliance
 j - 2 potions of ambrosia
 k - 3 potions of lignification
 l - 3 potions of cancellation
 p - 7 potions of might
 r - 9 potions of haste
 x - 5 potions of enlightenment
 A - 5 potions of mutation
 F - 3 potions of heal wounds
 P - 3 potions of resistance
 V - 3 potions of magic
 X - a potion of berserk rage {unknown}
Miscellaneous
 d - a condenser vane
 o - a lightning rod (4/4)
 I - a phantom mirror
 R - a phial of floods
 Y - a box of beasts


   Skills:
 + Level 18.7 Fighting
 * Level 16.8 Polearms
 + Level 7.7 Throwing
 + Level 15.3 Dodging
 - Level 6.0 Stealth
 - Level 4.0 Spellcasting
 + Level 7.8 Translocations
 + Level 14.9 Invocations
 + Level 11.3 Evocations


You had 23 spell levels left.
You knew the following spells:

 Your Spells              Type           Power      Damage    Failure   Level
a - Blink                 Tloc           30%        N/A       1%          2

Your spell library contained the following spells:

 Spells                   Type           Power      Damage    Failure   Level
 Apportation              Tloc           30%        N/A       1%          1
 Gell's Gravitas          Tloc           15%        N/A       3%          3
 Teleport Other           Tloc           15%        N/A       3%          3
 Volatile Blastmotes      Fire/Tloc      16%        2d11      16%         3
 Freeze                   Ice            4%         1d3       26%         1
 Magic Dart               Conj           4%         1d3       26%         1
 Necrotise                Necr           4%         1d4       26%         1
 Sandblast                Erth           2%         2d4       26%         1
 Sting                    Conj/Alch      4%         1d3       26%         1
 Summon Small Mammal      Summ           4%         N/A       26%         1
 Call Imp                 Summ           2%         N/A       38%         2
 Ensorcelled Hibernation  Hex/Ice        2%         N/A       38%         2
 Jinxbite                 Hex            2%         N/A       38%         2
 Mercury Vapours          Alch/Air       2%         N/A       38%         2
 Dazzling Flash           Conj/Hex       2%         N/A       63%         3
 Frozen Ramparts          Ice            2%         1d1       63%         3
 Hailstorm                Conj/Ice       1%         3d5       63%         3
 Mephitic Cloud           Conj/Alch/Air  1%         N/A       63%         3
 Passwall                 Erth           1%         N/A       63%         3
 Stone Arrow              Conj/Erth      2%         3d7       63%         3
 Swiftness                Air            1%         N/A       63%         3
 Dispersal                Tloc           7%         N/A       86%         6
 Animate Dead             Necr           1%         N/A       95%         4
 Brom's Barrelling Bould  Conj/Erth      1%         2d3       95%         4
 Alistair's Intoxication  Alch           0%         N/A       100%        5
 Freezing Cloud           Conj/Ice/Air   0%         6-21      100%        5
 Starburst                Conj/Fire      0%         6d3       100%        6
 Haunt                    Necr/Summ      0%         N/A       100%        7
 Infestation              Necr           0%         N/A       100%        8
 Maxwell's Capacitive Co  Air            0%         ∞         100%        8


Dungeon Overview and Level Annotations

Branches:
Dungeon (15/15)            Temple (1/1) D:7            Lair (5/5) D:9
  Swamp (4/4) Lair:2        Snake (4/4) Lair:3        Slime (0/5) Lair:4
    Orc (2/2) D:11            Elf (0/3) Orc:2        Vaults (1/5) D:13
 Depths (0/4) D:15          Sewer (visited)           IceCv (visited)

Altars:
Ashenzari
Cheibriados
Dithmenos
Elyvilon
Fedhas
Gozag
Hepliaklqana
Kikubaaqudgha
Makhleb
Nemelex Xobeh
Okawaru
Qazlal
Ru
Sif Muna
Trog
Uskayaw
Vehumet
Wu Jian
Xom
Yredelemnul
Zin
The Shining One

Shops:
D:1 *   D:6 (   D:9 :!**   D:14 (   Orc:1 [(*   Orc:2 ***[

Annotations:
Snake:1 3 runed translucent doors, exclusion: obsidian statue, Siddir's ghost, journeyman MiBe
Snake:3 Nikola


Innate Abilities, Weirdness & Mutations

You can breathe blasts of scalding, opaque steam.
Your pale cyan-grey scales are hard. (AC +10)
You cannot fit into any form of body armour.
You are cold-blooded and may be slowed by cold attacks.
You are immune to the effects of steam.


Message History

The ironbound preserver begins to accept its allies' injuries.
Unknown command.
You draw a card...
You have drawn Vitriol.
Press: ? - help, Shift-Dir - straight line, f - deep troll
Aim: a deep troll (lightly wounded, sheltered from injuries)
The bolt of acid hits the deep troll!!
The acid corrodes the deep troll!
The deep troll is moderately wounded.
Your centaur warrior hits the lindwurm but does no damage.
Your centaur warrior kicks the lindwurm but does no damage.
The arcanist points at you and mumbles some strange words.
Your centaur warrior becomes as fragile as glass!
The deep troll bites you!
* * * LOW HITPOINT WARNING * * *
The deep troll claws you but does no damage.
The deep troll misses you.
The ironbound preserver barely misses your centaur warrior.
The lindwurm bites your centaur warrior.
The lindwurm claws your centaur warrior.
The lindwurm barely misses your centaur warrior.
The arcanist gestures at you while chanting.
The bolt of cold hits your centaur warrior!!
Your centaur warrior dies!
Your centaur warrior's corpse disappears in a puff of smoke!
The bolt of cold hits you!!
* * * LOW HITPOINT WARNING * * *
The ice encasing you melts away. The deep troll closely misses you.
The deep troll misses you.
The deep troll claws you but does no damage.
There is an open door here.
You have got your breath back.
Strange energies crackle from the ironbound thunderhulk's apparatus.
The ironbound thunderhulk blinks!
Unknown command.
You hit the arcanist.
The arcanist is severely wounded.
The arcanist points at you and mumbles some strange words.
The bolt of cold hits you!!
You die...
Your body glows slightly and disappears.

....#..###.......'........#
....#............##########
....#............#
....#............#
....#............# #
....#.[..........# .#
....#[[..........#### '#..#
....'............#..# O...#
....#...........@pT.#§....#
#####
....#............#.TkpT§).#
#....
#####............#..#.O...#
#.... #............#..#
##### #....
#............#### #####
##############


You could see an ironbound preserver, an ironbound thunderhulk (sheltered), 3
deep trolls, a lindwurm (sheltered) and an arcanist (fast, sheltered).

Vanquished Creatures
  A lich (Vaults:1)
  A thorn hunter (Swamp:4)
  Agnes (D:14)
  10 nagarajas
  2 vault wardens (Vaults:1)
  2 ironbound preservers (Vaults:1)
  An ironbound thunderhulk (Vaults:1)
  A formless jellyfish (Vaults:1)
  2 orc warlords
  A stone giant (D:15)
  5 eleionomae
  5 dire elephants (Vaults:1)
  3 bunyips
  2 shambling mangroves
  20 hydras
  A yaktaur captain (Vaults:1)
  A fire dragon (Lair:5)
  4 vault guards
  An entropy weaver (shapeshifter) (D:9)
  4 salamander tyrants (Snake:4)
  2 ogre magi
  A ghost crab (Swamp:4)
  A catoblepas (Lair:4)
  A death knight (D:15)
  7 centaur warriors
  3 ironbound frosthearts (Vaults:1)
  8 alligators
  6 two-headed ogres
  11 anacondas
  7 death yaks (Lair:4)
  A boulder beetle (D:14)
  4 tengu warriors (D:15)
  9 naga warriors
  11 naga sharpshooters
  3 orc high priests
  2 shock serpents (Snake:1)
  A skyshark (Lair:3)
  An occultist (Swamp:3)
  A skeletal warrior (D:15)
  A salamander mystic (Snake:4)
  9 deep trolls (Vaults:1)
  6 goliath frogs
  2 bog bodies (Swamp:1)
  3 spriggan druids
  8 swamp dragons
  2 naga ritualists
  A shadow demon (IceCv)
  2 lindwurms (Lair:5)
  7 orc knights
  A mana viper (Snake:4)
  A phantasmal warrior (D:15)
  An arcanist (D:13)
  2 ironbound convokers (Vaults:1)
  3 will-o-the-wisps
  8 orc sorcerers
  7 salamanders
  35 ugly things
  4 manticores
  3 cyclopes
  22 elephants
  31 black mambas
  2 kobold blastminers (Orc:1)
  13 naga magi
  3 guardian serpents (Snake:4)
  3 molten gargoyles
  A gargoyle (D:13)
  2 ice statues (IceCv)
  2 vault sentinels (Vaults:1)
  A cane toad (shapeshifter) (D:15)
  2 unseen horrors
  Jeremiah (D:6)
  6 rime drakes
  A yaktaur (shapeshifter) (D:9)
  3 kobold demonologists (D:12)
  16 cane toads
  An anaconda simulacrum (IceCv)
  2 freezing wraiths
  10 komodo dragons
  3 yaktaurs
  A tengu conjurer (D:13)
  7 ice devils
  Psyche (D:8)
  A bloated husk (Swamp:1)
  10 tyrant leeches
  7 polar bears
  9 trolls
  10 hornets
  10 dream sheep
  22 blink frogs
  A snapping turtle (Swamp:1)
  3 slime creatures (D:12)
  4 shadows
  13 spriggans
  3 water elementals
  7 wyverns
  2 wraiths
  4 dire elephant simulacra (IceCv)
  57 yaks
  6 basilisks
  A human (D:13)
  A steam dragon (D:10)
  A warg (Orc:2)
  11 vampire mosquitoes
  A redback (shapeshifter) (Vaults:1)
  12 swamp worms
  37 nagas
  2 harpy simulacra (IceCv)
  13 water moccasins
  3 hydra simulacra (IceCv)
  4 acid dragons
  4 hell hounds (Lair:5)
  14 swamp drakes
  22 orc warriors
  7 black bears
  2 laughing skulls (D:13)
  6 sky beasts
  A tengu (shapeshifter) (D:9)
  9 wolves
  12 centaurs
  8 ogres
  18 bullfrogs
  A kobold brigand (D:8)
  Blork the orc (D:6)
  A gnoll sergeant (D:9)
  4 scorpions
  A wyvern zombie (D:9)
  A hornet simulacrum (D:15)
  20 wights
  17 killer bees
  12 electric eels
  4 howler monkeys
  A jelly (D:9)
  5 lava snakes (Lair:5)
  9 hounds
  2 gnoll boudas
  23 orc priests
  A sleepcap (D:3)
  9 iguanas
  41 orc wizards
  A spriggan simulacrum (IceCv)
  A troll simulacrum (IceCv)
  A wolf simulacrum (IceCv)
  A killer bee zombie (D:9)
  15 gnolls
  5 adders
  2 white imps
  2 ufetubi (D:7)
  3 dart slugs (Sewer)
  4 ribbon worms
  67 orcs
  4 bats
  8 endoplasms
  14 giant cockroaches
  11 goblins
  7 hobgoblins
  3 jackals (D:1)
  7 kobolds
  5 quokkas
  12 ball pythons
  14 frilled lizards
  5 rats
  A spectral kobold (D:1)
1092 creatures vanquished.

Vanquished Creatures (collateral kills)
  Jorgrun (D:13)
  Mlioglotl (Snake:1)
  4 nagarajas (Snake:4)
  An ironbound preserver (Vaults:1)
  A dire elephant (Vaults:1)
  3 hydras
  2 vault guards
  A boulder beetle (D:12)
  A naga warrior (Snake:4)
  2 naga sharpshooters (Snake:4)
  An arcanist (Vaults:1)
  A deep elf archer (D:13)
  4 ugly things
  A naga ritualist (Snake:4)
  A deep elf pyromancer (D:12)
  2 orc knights (D:13)
  An orc sorcerer (D:13)
  A vault sentinel (Vaults:1)
  A naga mage (Snake:4)
  A slime creature (D:12)
  A human (D:13)
32 creatures vanquished.

Vanquished Creatures (others)
  A bloated husk (Swamp:3)
  An orc warrior (D:9)
  4 orc wizards
  An orc (Orc:1)
  12 foxfires
19 creatures vanquished.

Grand Total: 1143 creatures vanquished

Notes
Turn   | Place    | Note
-------+----------+-------------------------------------------
     0 | D:1      | tilp the Draconian Gladiator began the quest for the Orb.
     0 | D:1      | Reached XP level 1. HP: 17/17 MP: 1/1
    96 | D:1      | Found a faded altar of an unknown god.
   133 | D:1      | Reached XP level 2. HP: 25/25 MP: 2/2
   325 | D:1      | Found Opleng's Assorted Antiques.
   331 | D:1      | Bought a black potion for 21 gold pieces
   659 | D:1      | Bought a fizzy green potion for 21 gold pieces
   755 | D:2      | Reached XP level 3. HP: 30/30 MP: 3/3
   779 | D:2      | Reached skill level 1 in Stealth
   840 | D:2      | Found a shimmering altar of Xom.
  1086 | D:1      | Bought a pair of boots for 108 gold pieces
  1180 | D:3      | Reached XP level 4. HP: 37/37 MP: 4/4
  1264 | D:3      | Reached skill level 3 in Fighting
  1472 | D:3      | Reached XP level 5. HP: 45/45 MP: 5/5
  1715 | D:3      | Found a glowing golden altar of the Shining One.
  1715 | D:3      | Found a white marble altar of Elyvilon.
  1715 | D:3      | Found a shadowy altar of Dithmenos.
  1927 | D:4      | Reached skill level 5 in Polearms
  1927 | D:4      | Reached XP level 6. HP: 51/52 MP: 6/6
  2065 | D:4      | Reached skill level 4 in Fighting
  2527 | D:5      | Entered Level 5 of the Dungeon
  2624 | D:5      | Your scales start taking on a pale cyan-grey colour.
  2624 | D:5      | Reached XP level 7. HP: 32/59 MP: 7/7
  2624 | D:5      | Gained mutation: You are immune to the effects of steam.
                  | [Pale Draconian growth]
  2662 | D:5      | Found a glowing drain.
  2666 | Sewer    | Entered a sewer
  3535 | D:5      | Reached skill level 1 in Evocations
  3535 | D:5      | Reached XP level 8. HP: 57/66 MP: 8/8
  4086 | D:6      | Found Deuf's Weapon Emporium.
  4094 | D:6      | Bought a +2 halberd for 176 gold pieces
  4127 | D:6      | Noticed a troll
  4245 | D:6      | Found a glowing silver altar of Zin.
  4390 | D:6      | Noticed Jeremiah
  4405 | D:6      | Killed Jeremiah
  4406 | D:6      | Reached skill level 5 in Fighting
  4406 | D:6      | Reached skill level 5 in Dodging
  4635 | D:6      | Noticed Blork the orc
  4646 | D:6      | Killed Blork the orc
  4951 | D:6      | Found Deuf's Weapon Emporium.
  4977 | D:6      | Reached skill level 6 in Fighting
  5031 | D:6      | Killed a troll
  5032 | D:6      | Reached XP level 9. HP: 75/75 MP: 9/9
  5044 | D:6      | Found a glowing silver altar of Zin.
  6018 | D:7      | Identified the +7 mace "Ukaorot" {elec, ^Drain *Slow rF+++
                  | Will+++}
  6315 | D:7      | Reached skill level 7 in Fighting
  6326 | D:7      | Found a staircase to the Ecumenical Temple.
  6570 | Temple   | Entered the Ecumenical Temple
  6583 | Temple   | Became a worshipper of Nemelex Xobeh the Trickster
  6690 | D:8      | Reached skill level 10 in Polearms
  6717 | D:8      | Reached skill level 8 in Fighting
  7054 | D:8      | Noticed Psyche
  7072 | D:8      | Reached XP level 10. HP: 88/88 MP: 10/10
  7079 | D:8      | Killed Psyche
  7385 | D:9      | Found Rebovito's Distillery.
  7433 | D:9      | Bought a potion of invisibility for 88 gold pieces
  7463 | D:9      | Found a staircase to the Lair.
  7489 | D:9      | Found Muly's Assorted Antiques.
  7518 | D:9      | Reached skill level 1 in Invocations
  7551 | D:9      | Bought a scroll labelled BAOPUZ DOONIAB for 28 gold pieces
  7551 | D:9      | Bought a scroll labelled HATOLLI ZEFAT for 28 gold pieces
  7609 | D:9      | Found Jyiril's Assorted Antiques.
  7612 | D:9      | Bought a pair of glowing gloves for 157 gold pieces
  8087 | D:9      | Reached skill level 9 in Fighting
  8110 | D:9      | Reached * piety under Nemelex Xobeh
  8116 | D:9      | Found Cosm's Book Shoppe.
  8201 | D:9      | Noticed a brown ugly thing
  8214 | D:9      | Killed a brown ugly thing
  8215 | D:9      | Reached XP level 11. HP: 97/97 MP: 11/13
  8243 | D:9      | Noticed a white ugly thing
  8245 | D:9      | Received a gift from Nemelex Xobeh
  8253 | D:9      | Killed a white ugly thing
  8263 | D:9      | Noticed a two-headed ogre
  8272 | D:9      | Killed a two-headed ogre
  8439 | D:9      | Noticed a brown ugly thing
  8455 | D:9      | Killed a brown ugly thing
  8499 | D:9      | Noticed an entropy weaver
  8519 | D:9      | Killed an entropy weaver
  8631 | D:9      | Noticed an ogre mage
  8669 | D:9      | Killed an ogre mage
  8673 | D:9      | Reached skill level 10 in Fighting
  8733 | D:9      | Noticed a cyan ugly thing
  8737 | D:9      | Noticed a green ugly thing
  8758 | D:9      | Killed a cyan ugly thing
  8794 | D:9      | Killed a cyan ugly thing
  8815 | D:9      | Identified the ring "Mithrai" {rElec rPois rN+++ Will-
                  | MP+9}
  9058 | D:10     | Entered Level 10 of the Dungeon
  9131 | D:10     | Found a shimmering altar of Xom.
  9131 | D:10     | Found a shimmering altar of Xom.
  9131 | D:10     | Found a shimmering altar of Xom.
  9204 | D:10     | Found a shimmering altar of Xom.
  9205 | D:10     | Found a shimmering altar of Xom.
  9207 | D:10     | Found a shimmering altar of Xom.
  9209 | D:10     | Found a shimmering altar of Xom.
  9578 | D:11     | You fall into a shaft and drop 1 floor!
  9675 | D:11     | Noticed a two-headed ogre
  9681 | D:11     | Killed a two-headed ogre
  9705 | D:11     | Reached ** piety under Nemelex Xobeh
 10121 | D:11     | Reached XP level 12. HP: 107/108 MP: 15/15
 10133 | D:11     | Reached skill level 11 in Fighting
 10133 | D:11     | Reached skill level 5 in Invocations
 10173 | D:11     | Found a staircase to the Orcish Mines.
 10293 | Lair:1   | Entered Level 1 of the Lair of Beasts
 10374 | Lair:1   | You fall into a shaft and drop 1 floor!
 10942 | Lair:1   | Reached *** piety under Nemelex Xobeh
 10964 | Lair:1   | Identified the +10 short sword of Dunnuxze {freeze, rPois
                  | Stlth+}
 11032 | Lair:1   | Reached skill level 12 in Fighting
 11898 | Lair:2   | Reached XP level 13. HP: 119/119 MP: 18/18
 12103 | Lair:2   | Received a gift from Nemelex Xobeh
 12270 | Lair:2   | Reached skill level 13 in Fighting
 12270 | Lair:2   | Reached skill level 15 in Polearms
 12322 | Lair:2   | Reached **** piety under Nemelex Xobeh
 12424 | Lair:2   | Found a staircase to the Swamp.
 13043 | Lair:3   | Found a staircase to the Snake Pit.
 13524 | Lair:3   | Received a gift from Nemelex Xobeh
 14180 | Lair:4   | Reached skill level 14 in Fighting
 14245 | Lair:4   | Found a staircase to the Slime Pits.
 14245 | Lair:4   | Received a gift from Nemelex Xobeh
 14367 | Lair:4   | Reached ***** piety under Nemelex Xobeh
 14448 | Lair:4   | Reached skill level 10 in Dodging
 14674 | Lair:4   | Reached XP level 14. HP: 123/132 MP: 20/20
 14677 | Lair:4   | Learned a level 2 spell: Blink
 15003 | Lair:5   | Entered Level 5 of the Lair of Beasts
 15038 | Lair:4   | Reached skill level 1 in Translocations
 15289 | Lair:5   | Reached skill level 5 in Evocations
 15429 | Lair:5   | Found a blossoming altar of Fedhas.
 15838 | Lair:5   | Received a gift from Nemelex Xobeh
 16423 | Lair:5   | Found a large runed translucent door.
 16424 | Lair:5   | Found a large runed translucent door.
 16826 | Orc:1    | Entered Level 1 of the Orcish Mines
 16863 | Orc:1    | Received a gift from Nemelex Xobeh
 16935 | Orc:1    | Found Hevae's General Store.
 17093 | Orc:2    | Entered Level 2 of the Orcish Mines
 17158 | Orc:2    | Found a staircase to the Elven Halls.
 17223 | Orc:2    | Found a frozen archway.
 17261 | IceCv    | Entered an ice cave
 17865 | IceCv    | Reached skill level 15 in Fighting
 18342 | IceCv    | Noticed a reaper
 18343 | IceCv    | a reaper changed into a shadow demon
 18354 | IceCv    | Reached skill level 10 in Invocations
 18834 | Orc:1    | Found Gunk's Armour Emporium.
 18839 | Orc:1    | Found Nierrivu's Weapon Shop.
 18852 | Orc:1    | Bought a +0 cloak for 54 gold pieces
 19154 | Orc:2    | Reached XP level 15. HP: 37/141 MP: 22/22
 19602 | Orc:2    | Found Hucyliecee's Assorted Antiques.
 19602 | Orc:2    | Found Bucyczat's Assorted Antiques.
 19603 | Orc:2    | Found Haylip's Assorted Antiques.
 19607 | Orc:2    | Found Ogimoc's Antique Armour Shop.
 19611 | Orc:2    | Bought a glowing cloak for 247 gold pieces
 19629 | Orc:2    | Bought a phantom mirror for 1480 gold pieces
 20507 | D:12     | Received a gift from Nemelex Xobeh
 20861 | D:13     | Found an iron altar of Okawaru.
 21328 | D:13     | Noticed Jorgrun
 21349 | D:13     | Identified the -1 long sword "Gynas" {elec, rN+ SInv}
 21350 | D:13     | Paralysed by an orc sorcerer for 4 turns
 21352 | D:13     | Killed Jorgrun
 21697 | D:13     | Received a gift from Nemelex Xobeh
 21698 | D:13     | Found a gate to the Vaults.
 21951 | D:13     | Reached skill level 16 in Fighting
 22603 | D:14     | Reached skill level 1 in Spellcasting
 22979 | D:14     | Found a shadowy altar of Dithmenos.
 22993 | D:14     | Noticed Agnes
 22998 | D:14     | Killed Agnes
 23068 | D:14     | Found Ishotar's Weapon Boutique.
 23389 | D:15     | Entered Level 15 of the Dungeon
 23389 | D:15     | Received a gift from Nemelex Xobeh
 23457 | D:15     | Reached XP level 16. HP: 115/148 MP: 25/25
 23644 | D:15     | Found a staircase to the Depths.
 23771 | D:15     | Reached skill level 5 in Stealth
 23799 | D:15     | Reached skill level 5 in Translocations
 24012 | D:15     | Received a gift from Nemelex Xobeh
 24253 | D:15     | Identified the +3 trident "Jipetec" {flame, Int+6}
 24601 | Snake:1  | Entered Level 1 of the Snake Pit
 24611 | Snake:1  | Noticed Mlioglotl
 24624 | Snake:1  | Killed Mlioglotl
 25277 | Snake:1  | Found a runed translucent gate.
 25278 | Snake:1  | Found a runed translucent gate.
 25278 | Snake:1  | Found a runed translucent gate.
 25304 | Snake:1  | Found an opulent altar of Gozag.
 25306 | Snake:1  | Noticed Siddir's ghost (journeyman MiBe)
 25390 | Snake:1  | Received a gift from Nemelex Xobeh
 25621 | Snake:1  | Received a gift from Nemelex Xobeh
 26583 | Snake:2  | Received a gift from Nemelex Xobeh
 26668 | Snake:2  | You fall into a shaft and drop 1 floor!
 26893 | Snake:3  | Reached skill level 5 in Throwing
 26968 | Snake:3  | Noticed Nikola
 27023 | Snake:3  | Received a gift from Nemelex Xobeh
 27058 | Snake:3  | Identified the +8 rapier of Gozag's Vengeance {flame, rF+
                  | Will+ rCorr}
 27469 | Snake:3  | Received a gift from Nemelex Xobeh
 27637 | Snake:3  | Received a gift from Nemelex Xobeh
 28174 | Snake:4  | Entered Level 4 of the Snake Pit
 28194 | Snake:4  | Found a flickering gateway to a bazaar.
 28248 | Bazaar   | Entered a bazaar
 28248 | Bazaar   | Found Eprawoghu's General Store.
 28248 | Bazaar   | Found Noura's Book Boutique.
 28248 | Bazaar   | Found Iblukh's General Store.
 28248 | Bazaar   | Found Kadoul's Book Boutique.
 28248 | Bazaar   | Found Foanasiq's Antique Armour Shop.
 28268 | Bazaar   | Bought a scroll of blinking for 105 gold pieces
 28282 | Bazaar   | Bought a scroll of fog for 44 gold pieces
 28282 | Bazaar   | Bought a scroll of revelation for 82 gold pieces
 28282 | Bazaar   | Bought a potion of heal wounds for 55 gold pieces
 28282 | Bazaar   | Bought a scroll of revelation for 82 gold pieces
 28285 | Bazaar   | Bought a wand of roots (6) for 201 gold pieces
 28285 | Bazaar   | Bought a potion of resistance for 140 gold pieces
 28285 | Bazaar   | Bought a wand of mindburst (6) for 117 gold pieces
 28354 | Snake:4  | Identified the +0 leather armour of Follow the Leader
                  | {Regen+ MP-9 Str+7 Stlth+}
 28540 | Snake:4  | Reached XP level 17. HP: 152/160 MP: 26/26
 28618 | Snake:4  | Reached skill level 10 in Evocations
 28646 | Snake:4  | Reached skill level 17 in Fighting
 29379 | Snake:4  | Got a serpentine rune of Zot
 29740 | Snake:4  | Reached skill level 18 in Fighting
 29923 | Snake:4  | Identified the +2 leather armour of Henotheism {+Blink}
 30149 | Swamp:1  | Entered Level 1 of the Swamp
 31314 | Swamp:1  | You fall into a shaft and drop 1 floor!
 31379 | Swamp:1  | Received a gift from Nemelex Xobeh
 32131 | Swamp:2  | Received a gift from Nemelex Xobeh
 33628 | Swamp:3  | Received a gift from Nemelex Xobeh
 34032 | Swamp:3  | Reached XP level 18. HP: 158/172 MP: 28/28
 34361 | Swamp:4  | Entered Level 4 of the Swamp
 34760 | Swamp:4  | HP: 8/173 [six-headed hydra (5)]
 35510 | Swamp:4  | Received a gift from Nemelex Xobeh
 36701 | Swamp:4  | Got a decaying rune of Zot
 37054 | Vaults:1 | Entered Level 1 of the Vaults
 37427 | Vaults:1 | Reached skill level 15 in Dodging
 38723 | Vaults:1 | Noticed a lich
 38735 | Vaults:1 | Killed a lich
 38847 | Vaults:1 | Killed from afar by an arcanist

Illustrated notes

Levels and vault maps discovered:
D:1:      dpeg_arrival_tiny_f, layout_basic, serial_shops, nicolae_shop_trees,
          dreamdust_ecumenical_altar_drowned_temple
D:2:      layout_rooms, basic_altar, minmay_pentomino_w2
D:3:      layout_rooms, minitemple, kennysheep_generic_room_2
D:4:      layout_basic, minivault_27
D:5:      layout_gridville, gup_sewer_entry_bowl
D:6:      minmay_cornered_nines, layout_basic, kennysheep_mini, serial_shops,
          shop, uniq_jeremiah, uniq_blork_the_orc
D:7:      layout_basic, temple_green, nicolae_figureground_sparkle
D:8:      layout_loops_ring, uniq_psyche
D:9:      regret_index_malice_mire, layout_small_grid, erik_lair_island,
          serial_shops, nicolae_shop_real_fake_doors,
          nicolae_shop_just_a_little_nook, shop_coins, nicolae_shop_stone
D:10:     layout_rooms, xom_shifter_show, serial_glass, glass_columns_a,
          glass_columns_b
D:11:     layout_loops_ring, david_orc_4
D:12:     layout_big_octagon, serial_bayou, serial_bayou_pond_b,
          serial_bayou_shore_a, serial_bayou_lagoon_b, serial_bayou_pond_b
D:13:     layout_irregular_city, grunt_vaults_entry_fortified,
          hellmonk_okawaru_the_only_friend_you_need, uniq_jorgrun
D:14:     layout_cave_pools, nicolae_dithmenos_through_a_glass_darkly,
          serial_shops, nicolae_shop_stone, lightli_church_of_beogh, uniq_agnes
D:15:     grunt_enter_depths_snipers, layout_basic, nicolae_hexahallways
Temple:   nicolae_temple_bog_church
Lair:1:   kb_forest_paths, layout_layer_cave, gammafunk_lair_bear_cave,
          lemuel_fruit_fields
Lair:2:   layout_layer_cave, minmay_swamp_entry_worms, infiniplex_staircase_pool
Lair:3:   beast_lair_carwin_large_1, layout_cave_pods,
          minmay_snake_entry_six_corridors, nicolae_lair_lil_pond
Lair:4:   layout_hall_layers, slime_entry_1, nicolae_lair_yak_garden
Lair:5:   cheibrodos_lair_end_hotspot, layout_gridlike, basic_altar
Swamp:1:  layout_basic_swamp, evilmike_swamp_ruin_house_6
Swamp:2:  layout_falls_marsh, nicolae_swamp_round_clearing, hangedman_swamp_cone
Swamp:3:  layout_basic_swamp, nicolae_swamp_bean_lake, swamp_pool_5,
          grunt_hermit_hut
Swamp:4:  swamp, layout_basic_swamp
Snake:1:  kennysheep_six_static_rooms, layout_chambers, ebering_ghost_gozag,
          grunt_megastairs_4, uniq_mlioglotl
Snake:2:  layout_rooms
Snake:3:  layout_grid_maze, uniq_nikola
Snake:4:  grunt_snake_rune_spirals, layout_concentric_octagons, serial_shops,
          bzr_entry_gold
Orc:1:    layout_diamond_mine, serial_shops, shop, shop, shop
Orc:2:    st_orc_mages, layout_diamond_mine, portal_ice_cave_demonic_guard
Vaults:1: hangedman_vaults_snaps, nicolae_vaults_offset_grid_hallway_2,
          nicolae_vaults_offset_grid_hallway_3, nicolae_vaults_little_squares_5,
          nicolae_vaults_trapezoid_2, vaults_standard_mumra_lines,
          vaults_room_hangedman_quadrants, hangedman_vaults_hat,
          vaults_room_grunt_arrival_ludios, vaults_room_pools,
          vaults_standard_mumra_x, vaults_room_stairs_pillars,
          vaults_room_grunt_arrival_checkpoint, layout_vaults_omnicross

Skill      XL: |  1  2  3  4  5  6  7  8  9 10 11 12 13 14 15 16 17 18 |
---------------+-------------------------------------------------------+-----
Throwing       | 2 3 5 6 7 |  7.7
Stealth        | 1 2 3 4 6 |  6.0
Dodging        | 3 4 5 6 7 8 10 11 12 13 14 15 | 15.3
Fighting       | 3 4 6 8 9 10 12 14 15 16 18 | 18.7
Polearms       | 4 5 6 8 9 11 12 13 14 16 | 16.8
Evocations     | 1 2 3 4 7 8 9 10 11 | 11.3
Invocations    | 2 4 6 8 10 12 13 14 | 14.9
Translocations | 4 6 7 |  7.8
Spellcasting   | 1 2 3 4 |  4.0

Action                     |  1- 3 |  4- 6 |  7- 9 | 10-12 | 13-15 | 16-18 || total
---------------------------+-------+-------+-------+-------+-------+-------++-------
  Melee: Trident           |    99 |   179 |   450 |   336 |       |       ||  1064
         Tailslap          |    11 |    24 |    51 |   115 |   306 |   267 ||   774
         Punch             |     1 |     1 |     4 |     3 |       |       ||     9
         Halberd           |       |       |    16 |   476 |  1670 |   864 ||  3026
         Lajatang          |       |       |       |       |    18 |       ||    18
         Glaive            |       |       |       |       |       |   887 ||   887
  Throw: Throwing net      |       |       |     4 |       |       |       ||     4
         Javelin           |       |       |     2 |       |     1 |       ||     3
         Boomerang         |       |       |       |       |     5 |   152 ||   157
   Cast: Blink             |       |       |       |       |       |     2 ||     2
 Invoke: Draw Destruction  |       |       |       |     6 |    11 |    19 ||    36
         Deal Four         |       |       |       |       |     4 |     5 ||     9
         Triple Draw       |       |       |       |       |     2 |     8 ||    10
         Draw Summoning    |       |       |       |       |     5 |    14 ||    19
         Draw Escape       |       |       |       |       |     1 |     1 ||     2
Ability: Breathe Steam     |       |       |     2 |    27 |    23 |    27 ||    79
  Evoke: Wand              |       |       |       |       |     2 |       ||     2
         Box of beasts     |       |       |       |       |     1 |       ||     1
         Phantom mirror    |       |       |       |       |     1 |       ||     1
    Use: Scroll            |     7 |     3 |     4 |    19 |     3 |     6 ||    42
         Potion            |       |     1 |       |       |     1 |     5 ||     7
   Stab: Sleeping          |     4 |     3 |     5 |     4 |    18 |    24 ||    58
         Distracted        |       |     1 |       |     3 |     3 |     7 ||    14
         Held in net/web   |       |       |     1 |       |       |       ||     1
         Petrified         |       |       |       |       |     6 |       ||     6
         Petrifying        |       |       |       |       |     1 |       ||     1
 Armour: Skin              |    37 |    95 |   245 |   435 |   915 |  1373 ||  3100
  Dodge: Dodged            |    26 |    88 |   303 |   452 |   908 |  1446 ||  3223
         Repelled          |       |       |     1 |     3 |    10 |       ||    14
